 Dungeon Crawl Stone Soup version 0.29-a0-553-g81b289dbe5 (webtiles) character file.

Game seed: 9659432733182340079

11 Hubjo the Insei (level 2, -1/21 HPs)
             Began as a Demonspawn Transmuter on June 6, 2022.
             Succumbed to an adder's poison
             ... on level 2 of the Dungeon.
             The game lasted 00:00:54 (317 turns).

Hubjo the Insei (Demonspawn Transmuter)              Turns: 317, Time: 00:00:54

Health: -1/21      AC:  2    Str: 10    XL:     2   Next: 13%
Magic:  5/5        EV: 12    Int: 16    God:
Gold:   0          SH:  0    Dex: 13    Spells: 4/5 levels left

rFire   . . .      SeeInvis .     - Unarmed
rCold   . . .      Faith    .   (no shield)
rNeg    . . .      Spirit   .   a - +0 robe
rPois   .          Reflect  .   (helmet currently unavailable)
rElec   .          Harm     .   (no cloak)
rCorr   .          Rampage  .   (no gloves)
Will    .....                   (boots currently unavailable)
Stlth   +.........              (no amulet)
HPRegen 0.07/turn               (no ring)
MPRegen 0.09/turn               (no ring)

@: lethally poisoned (-1 -> -9), appendages (expiring)
A: talons 2, horns 2, clever 1, evolution 1
a: End Transformation


You were on level 2 of the Dungeon.
You had temporarily grown beastly talons.
You visited 1 branch of the dungeon, and saw 2 of its levels.

Inventory:

Armour
 a - a +0 robe (worn)
Jewellery
 i - a ring of resist corrosion
Scrolls
 d - a scroll of enchant weapon {unknown}
 f - a scroll of fog {unknown}
 j - a scroll of teleportation {unknown}
Potions
 b - a potion of lignification
 c - a potion of magic {unknown}
 e - a potion of mutation
 g - a potion of heal wounds {unknown}
 h - a potion of curing {unknown}


   Skills:
 * Level 1.5 Fighting
 - Level 1.7 Dodging
 + Level 0.3 Stealth
 + Level 2.8 Unarmed Combat
 + Level 2.1 Spellcasting
 + Level 1.9 Transmutations


You had 4 spell levels left.
You knew the following spells:

 Your Spells              Type           Power      Damage    Failure   Level
a - Beastly Appendage     Tmut           14%        N/A       10%         1

Your spell library contained the following spells:

 Spells                   Type           Power      Damage    Failure   Level
 Wereblood                Tmut           7%         N/A       14%         2
 Spider Form              Tmut/Pois      4%         N/A       38%         3
 Ice Form                 Ice/Tmut       4%         N/A       80%         4


Dungeon Overview and Level Annotations

Branches:
Dungeon (2/15)

Altars:


Innate Abilities, Weirdness & Mutations

You have temporarily grown beastly talons.
You have a pair of horns on your head.
Your mind is acute. (Int +2)
You have hidden genetic potential.


Message History

An adder comes into view.
Your feet morph into talons.
The adder hisses angrily.
Your transformation is almost over.
You closely miss the adder. Your kick misses the adder. The adder misses you.
You barely miss the adder. Your kick misses the adder. The adder misses you.
The adder bites you.
You are poisoned.
The adder poisons you!
You hit the adder.
The adder is heavily wounded.
You feel sick. The adder completely misses you.
You closely miss the adder.
The adder is heavily wounded.
You feel sick. The adder bites you.
You barely miss the adder.
The adder is heavily wounded.
You feel sick. The adder bites you.
You are more poisoned.
The adder poisons you!
You are too injured to fight recklessly!
You closely miss the adder.
The adder is heavily wounded.
You feel sick. The adder bites you.
You are lethally poisoned!
The adder poisons you! The adder bites you.
* * * LOW HITPOINT WARNING * * *
You hit the adder.
The adder is almost dead.
* * * LOW HITPOINT WARNING * * *
You feel very sick. The adder barely misses you.
You closely miss the adder.
The adder is almost dead.
* * * LOW HITPOINT WARNING * * *
You feel sick. The adder barely misses you.
It was a potion of mutation.
You feel extremely strange.
You feel clever. The horns on your head grow some more.
You feel a hidden potential growing inside you.
You die...

###.#..###.........#
##.>.#...##.........#
.#.....#.).#.........#
.........#.#.........#
.....................#
..........#..........#
.............#########
...............#
......S@..........
..........<........
........#####......
.......## ......
....... <..... #######
....


You could see an adder.

Vanquished Creatures
  A dart slug (D:1)
  A goblin (D:2)
  3 hobgoblins (D:1)
  A bat (D:2)
  A frilled lizard (D:1)
  2 kobolds (D:1)
9 creatures vanquished.

Notes
Turn   | Place    | Note
-------+----------+-------------------------------------------
     0 | D:1      | Hubjo the Demonspawn Transmuter began the quest for the
                  | Orb.
     0 | D:1      | Reached XP level 1. HP: 15/15 MP: 3/3
   209 | D:1      | Mutation became permanent: You have a pair of small horns
                  | on your head. [demonic ancestry]
   209 | D:1      | Gained mutation: You have a pair of horns on your head.
                  | [demonic ancestry]
   209 | D:1      | Reached XP level 2. HP: 21/21 MP: 3/5
   265 | D:1      | You fall into a shaft and drop 1 floor!
   316 | D:2      | HP: 1/21 [poisoned by an adder]
   317 | D:2      | Gained mutation: Your mind is acute. (Int +2) [potion of
                  | mutation]
   317 | D:2      | Gained mutation: You have a pair of horns on your head.
                  | [potion of mutation]
   317 | D:2      | Gained mutation: You have hidden genetic potential. [potion
                  | of mutation]
   317 | D:2      | Succumbed to an adder's poison

Illustrated notes

Levels and vault maps discovered:
D:1:      psy_arrival_terrarium, layout_basic
D:2:      layout_rooms, hellmonk_ecumenical_altar_inner_sanctum

Action                   || total
-------------------------++-------
Melee: Unarmed           ||    32
       Kick              ||     7
       Headbutt          ||     3
 Cast: Beastly Appendage ||     9
  Use: Potion            ||     1
Armor: Robe              ||     2
Dodge: Dodged            ||    21

Table legend: (Time is in decaauts)
 A = Elapsed time spent in this place.
 B = Non-inter-level travel time spent in this place.
 C = Inter-level travel time spent in this place.
 D = Time resting spent in this place.
 E = Time spent auto-exploring this place.
 F = Levels seen in this place.
 G = Mean time per level.
                   A        B        C        D        E       F      G
               +--------+--------+--------+--------+--------+-----+--------+
         Total |    315 |    312 |      3 |      0 |    230 |   2 |  157.5 |
       Dungeon |    315 |    312 |      3 |      0 |    230 |   2 |  157.5 |
               +--------+--------+--------+--------+--------+-----+--------+

Top non-repeatable levels by time:
     D:1: 264 daAuts
     D:2: 51 daAuts
